 Dungeon Crawl Stone Soup version 0.23.2-33-g5129a83184 (webtiles) character file.

Game seed: 9269002823778874237

2989 xhc the Cudgeler (level 9, -5/78 HPs)
             Began as a Gargoyle Earth Elementalist on June 27, 2019.
             Was an Initiate of Vehumet.
             Slain by Grum
             ... wielding a -2 halberd of protection
              (21 damage)
             ... on level 8 of the Dungeon.
             The game lasted 00:35:37 (9241 turns).

xhc the Cudgeler (Gargoyle Earth Elementalist)      Turns: 9241, Time: 00:35:38

Health: -5/78      AC: 16    Str: 18    XL:     9   Next: 83%
Magic:  1/16       EV: 13    Int: 18    God:    Vehumet [......]
Gold:   28         SH:  0    Dex: 10    Spells: 12/18 levels left

rFire    + . .     SeeInvis .   k - +1 mace
rCold    + . .     Gourm    .   (no shield)
rNeg     + + .     Faith    .   u - +1 robe {rC+ rF+}
rPois    ∞         Spirit   .   o - +1 helmet
rElec    +         Reflect  .   e - +0 cloak
rCorr    .         Harm     .   x - +0 pair of gloves
MR       .....                  c - +1 pair of boots
Stlth    ..........             (no amulet)
HPRegen  0.23/turn              v - ring of positive energy
MPRegen  0.15/turn              r - ring of stealth

@: berserking, very slightly contaminated, very quick
A: negative energy resistance 1, electricity resistance, unbreathing,
petrification resistance, rot immunity, AC +6
a: Renounce Religion


You were on level 8 of the Dungeon.
You worshipped Vehumet.
Vehumet was noncommittal.
You were not hungry.

You visited 2 branches of the dungeon, and saw 9 of its levels.

You collected 364 gold pieces.
You spent 336 gold pieces at shops.

Inventory:

Hand Weapons
 k - a +1 mace (weapon)
 C - a +2 quarterstaff of chaos
Missiles
 a - 61 stones (quivered)
Armour
 c - a +1 pair of boots (worn)
 e - a +0 cloak (worn)
 o - a +1 helmet (worn)
 u - a +1 robe of resistance (worn)
 x - a +0 pair of gloves (worn)
Jewellery
 r - a ring of stealth (right hand)
 v - a ring of positive energy (left hand)
 y - an uncursed ring of ice
Wands
 b - a wand of iceblast (7)
Scrolls
 h - a scroll of magic mapping
 j - 3 scrolls of remove curse
 l - a scroll of silence {unknown}
 m - 3 scrolls of fog
 n - 3 scrolls of enchant armour
 p - 4 scrolls of teleportation
 t - 2 scrolls of enchant weapon
 D - 9 scrolls of identify
Potions
 f - 3 potions of curing
 g - 2 potions of agility
 i - 2 potions of berserk rage
 q - a potion of resistance {unknown}
 s - 3 potions of haste
 z - 2 potions of might
 A - a potion of magic
 B - a potion of flight {unknown}
Comestibles
 d - 5 rations
 w - 11 chunks of flesh


   Skills:
 + Level 3.8 Fighting
 + Level 6.5 Maces & Flails
 + Level 3.3 Armour
 + Level 4.4 Dodging
 + Level 5.3 Stealth
 + Level 5.2 Spellcasting
 + Level 3.3 Conjurations
 + Level 1.3 Summonings
   Level 0.7 Transmutations
 + Level 6.5 Earth Magic


You had 12 spell levels left.
You knew the following spells:

 Your Spells              Type           Power        Failure   Level  Hunger
a - Sandblast             Erth           ####..       1%          1    None
b - Stone Arrow           Conj/Erth      ###...       4%          3    ##.....
c - Call Imp              Summ           #.......     11%         2    #......

Your spell library contained the following spells:

 Spells                   Type           Power        Failure   Level  Hunger
 Passwall                 Tmut/Erth      ###.....     4%          2    #......
 Summon Small Mammal      Summ           #...         8%          1    None
 Animate Skeleton         Necr           N/A          13%         1    None
 Pain                     Necr           #...         13%         1    None
 Call Canine Familiar     Summ           #.......     22%         3    ##.....
 Lee's Rapid Deconstruct  Erth           ####......   24%         5    ######.
 Petrify                  Tmut/Erth      ###.....     28%         4    ####...
 Summon Guardian Golem    Hex/Summ       #.......     30%         3    ##.....
 Regeneration             Chrm/Necr      #.........   36%         3    ##.....
 Vampiric Draining        Necr           #.........   36%         3    ##.....
 Summon Ice Beast         Ice/Summ       #.......     69%         4    ####...
 Summon Lightning Spire   Summ/Air       #.......     69%         4    ####...
 Animate Dead             Necr           N/A          78%         4    ####...


Dungeon Overview and Level Annotations

Branches:
Dungeon (8/15)             Temple (1/1) D:7
   Lair: D:8-11

Altars:
Cheibriados
Fedhas
Gozag
Nemelex Xobeh
Okawaru
Ru
Trog
Uskayaw
Vehumet
Xom
Yredelemnul
Zin
The Shining One

Shops:
D:6 =   D:7 !

Annotations:
D:8 Grum


Innate Abilities, Weirdness & Mutations

You are resistant to torment.
Your stone body is resilient. (AC +6)
You are immune to poison.
You resist negative energy. (rN+)
You are resistant to electric shocks. (rElec)
You can survive without breathing.
You are immune to petrification.
You are immune to rotting.


Message History

The wolf bites you.
* * * LOW HITPOINT WARNING * * *
The wolf misses you. Grum barely misses you.
You miss the wolf.
The wolf is heavily wounded.
The wolf closely misses you. The wolf misses you. The wolf closely misses you.
You closely miss the wolf.
The wolf is heavily wounded.
The wolf bites you but does no damage. Grum hits you but does no damage.
The wolf bites you but does no damage.
You sock the wolf!
The wolf is severely wounded.
The wolf bites you but does no damage. The wolf barely misses you.
The wolf closely misses you.
You sock the wolf!
You kill the wolf!
Vehumet accepts your kill. The wolf closely misses you.
Grum hits you from afar with a -2 halberd of protection!!
You die...

#...#######........##
#.......###.##...###
#...###.>...####....
###...##..##### ###.#
###.(.......# #
##..#####..# #.<..#
.. #.##<### ####@h.#
###g# # #####.#
....#.....##
...........#
....h.s........
......o.....#...
.h.?...o......##
<...........#.#


You could see Grum and a wolf.

Vanquished Creatures
  A wyvern (D:8)
  A water moccasin (D:5)
  A soldier ant (D:7)
  An orc warrior (D:5)
  A black bear (D:7)
  An ice beast (D:7)
  A phantom (D:5)
  5 ogres
  3 wolves
  A centaur (D:6)
  2 bullfrogs
  2 scorpions
  3 crimson imps
  6 orc wizards
  4 orc priests
  2 hounds
  Crazy Yiuf (D:7)
  Ijyb (D:3)
  3 iguanas
  6 worker ants
  A hound zombie (D:5)
  Robin (D:2)
  6 adders
  A shadow imp (D:6)
  4 oozes
  3 worms
  A dart slug (D:1)
  6 leopard geckos
  14 orcs
  A ball python (D:5)
  6 giant cockroaches
  15 goblins
  10 hobgoblins
  7 jackals
  9 kobolds
  2 quokkas (D:3)
  5 bats
  2 frilled lizards
  8 rats
148 creatures vanquished.

Vanquished Creatures (collateral kills)
  Joseph (D:7)
  An ogre (D:4)
  A worker ant (D:7)
  3 orcs (D:7)
6 creatures vanquished.

Grand Total: 154 creatures vanquished

Notes
Turn   | Place    | Note
-------+----------+-------------------------------------------
     0 | D:1      | xhc the Gargoyle Earth Elementalist began the quest for the
                  | Orb.
     0 | D:1      | Reached XP level 1. HP: 10/10 MP: 3/3
   112 | D:1      | Reached XP level 2. HP: 14/15 MP: 0/5
   795 | D:2      | Reached XP level 3. HP: 18/19 MP: 6/6
   961 | D:2      | Found a blossoming altar of Fedhas.
  1178 | D:2      | Reached XP level 4. HP: 24/24 MP: 6/8
  1351 | D:2      | Reached skill level 1 in Fighting
  1381 | D:2      | Noticed Robin
  1433 | D:2      | Killed Robin
  1822 | D:3      | Reached XP level 5. HP: 29/29 MP: 7/9
  1827 | D:3      | Reached skill level 1 in Armour
  1885 | D:3      | Noticed Ijyb
  1901 | D:3      | Paralysed by Ijyb for 2 turns
  1905 | D:3      | Paralysed by Ijyb for 3 turns
  1944 | D:3      | Killed Ijyb
  1944 | D:3      | Reached skill level 1 in Maces & Flails
  2184 | D:3      | Found a sparkling altar of Nemelex Xobeh.
  2380 | D:3      | Found a faded altar of an unknown god.
  2752 | D:4      | Reached XP level 6. HP: 30/34 MP: 10/10
  3701 | D:4      | Learned a level 3 spell: Stone Arrow
  3704 | D:4      | Learned a level 2 spell: Call Imp
  3859 | D:4      | Found a sparkling altar of Nemelex Xobeh.
  3863 | D:4      | Found a hide-covered altar of Uskayaw.
  3878 | D:4      | Found a sacrificial altar of Ru.
  4324 | D:2      | Reached XP level 7. HP: 32/40 MP: 11/11
  4857 | D:5      | Entered Level 5 of the Dungeon
  4870 | D:5      | Reached skill level 1 in Conjurations
  5180 | D:5      | Reached skill level 5 in Earth Magic
  5180 | D:5      | Reached XP level 8. HP: 16/45 MP: 6/13
  6288 | D:6      | Reached skill level 5 in Maces & Flails
  6463 | D:6      | Found Yxuhu's Jewellery Boutique.
  7129 | D:7      | Found Joddef's Distillery.
  7309 | D:7      | You fall through a shaft!
  7309 | D:8      | Noticed a wyvern
  7313 | D:8      | Killed a wyvern
  7313 | D:8      | Reached XP level 9. HP: 34/51 MP: 2/15
  7644 | D:7      | Noticed Joseph
  7669 | D:7      | Killed Joseph
  7669 | D:7      | Reached skill level 5 in Stealth
  7919 | D:7      | Bought 2 potions of berserk rage for 140 gold pieces
  7919 | D:7      | Bought a potion of haste for 140 gold pieces
  7919 | D:7      | Bought a potion of might for 56 gold pieces
  8132 | D:7      | Reached skill level 1 in Summonings
  8213 | D:7      | Found a runed translucent door.
  8214 | D:7      | Noticed Crazy Yiuf
  8219 | D:7      | Killed Crazy Yiuf
  8355 | D:7      | Found a staircase to the Ecumenical Temple.
  8367 | Temple   | Entered the Ecumenical Temple
  8375 | Temple   | Became a worshipper of Vehumet
  8944 | D:7      | Reached skill level 5 in Spellcasting
  9235 | D:8      | Noticed Grum
  9241 | D:8      | Slain by Grum

Skill      XL: |  1  2  3  4  5  6  7  8  9 |
---------------+----------------------------+-----
Earth Magic    | 4 5 6 |  6.5
Dodging        | 2 3 4 |  4.4
Fighting       | 1 2 3 |  3.8
Spellcasting   | 3 4 5 |  5.2
Armour         | 1 2 3 |  3.3
Maces & Flails | 2 3 4 5 6 |  6.5
Stealth        | 3 4 5 |  5.3
Conjurations   | 1 2 3 |  3.3
Summonings     | 1 |  1.3
Transmutations | |  0.7

Action                   |  1- 3 |  4- 6 |  7- 9 || total
-------------------------+-------+-------+-------++-------
Melee: Short sword       |    23 |       |       ||    23
       Mace              |    50 |   260 |   307 ||   617
 Cast: Sandblast         |    30 |    33 |    12 ||    75
       Stone Arrow       |       |     2 |    58 ||    60
       Call Imp          |       |     1 |     9 ||    10
Evoke: Wand              |       |    10 |     1 ||    11
  Use: Potion            |       |     2 |     2 ||     4
       Scroll            |       |     4 |    13 ||    17
 Stab: Sleeping          |     4 |     4 |     7 ||    15
       Distracted        |       |       |     2 ||     2
  Eat: Chunk             |     1 |     8 |     4 ||    13
       Ration            |       |     1 |     5 ||     6
Armor: Leather armour    |    40 |    60 |    71 ||   171
       Ring mail         |       |   104 |       ||   104
       Robe              |       |       |   106 ||   106
Dodge: Dodged            |    61 |   182 |   257 ||   500
